 Dungeon Crawl Stone Soup version 0.31-a0-319-g4fced400ed (webtiles) character file.

Game seed: 18053524770065819024

2044356 Ge0ff the Armataur Blade (level 27, 242/242 HPs)
             Began as an Armataur Brigand on July 17, 2023.
             Was a High Priest of Okawaru.
             Escaped with the Orb
             ... and 4 runes on July 18, 2023!
             The game lasted 05:16:49 (101745 turns).

Ge0ff the Armataur Blade (Armataur Brigand)       Turns: 101745, Time: 05:16:49

Health: 242/242    AC: 39    Str: 23 (24) XL:     27
Magic:  33/42      EV: 12    Int: 35 (37) God:    Okawaru [*****.]
Gold:   3504       SH:  9    Dex: 16      Spells: 4/56 levels left

rFire   + . .        a - +8 dagger of Gozag, Shouting {freeze, rPois Str+3}
rCold   . . .        P - +3 buckler {reflect}
rNeg    + . .        U - +7 scale mail "Zeugel" {Fly Will+ rCorr Int+2}
rPois   +            Q - +1 hat of the Evening {rCorr Int+2}
rElec   +            Y - +2 cloak of the Thief {*Fog Slay-2 SInv Stlth+}
rCorr   +            O - +2 pair of gloves {Str+3}
SInv    +            A - +4 barding of the Demon Prince {rElec rPois Will- Int+6}
Will    ++...        i - amulet of guardian spirit
Stlth   ++           G - +6 ring of intelligence
HPRegen 0.60/turn    e - ring of Mistrust {rF+ rN+ Str+3, =R}
MPRegen 0.28/turn

%: reflection, guardian spirit, roll
@: flying, studying 4 skills
A: large, rugged brown scales 3, deformed body, armoured tail, roll, long
tongue, awkward tongue, iridescent scales 2, weak 1, subdued magic 1, MP-powered
wands, noise suppression
0: Orb of Zot
}: 4/15 runes: decaying, silver, abyssal, gossamer
a: Renounce Religion, Heroism, Finesse, Duel


You escaped.
You worshipped Okawaru.
Okawaru was extremely pleased with you.
You visited 11 branches of the dungeon, and saw 51 of its levels.
You visited the Abyss 3 times.
You visited 1 bazaar.
You also visited: Gauntlet and Ice Cave.

You collected 11678 gold pieces.
You spent 8174 gold pieces at shops.

Inventory:

Hand Weapons
 a - the +8 dagger of Gozag, Shouting (weapon) {freeze, rPois Str+3}
   (You found it on level 3 of the Dungeon)

   Str:       It affects your strength (+3).
   rPois:     It protects you from poison.
 b - a +7 vampiric quick blade
 h - a +2 spectral demon blade
Missiles
 f - 26 atropa-tipped darts
 m - 5 boomerangs of dispersal
 v - 9 curare-tipped darts {=F}
 w - 8 silver javelins
 x - 5 datura-tipped darts {=F}
 D - 38 javelins (quivered)
Armour
 A - the +4 barding of the Demon Prince (worn) {rElec rPois Will- Int+6}
   (Okawaru gifted it to you on level 5 of the Lair of Beasts)

   Int:       It affects your intelligence (+6).
   rElec:     It insulates you from electricity.
   rPois:     It protects you from poison.
   Will:      It decreases your willpower.
 O - a +2 pair of gloves of strength (worn)
 P - a +3 buckler of reflection (worn)
 Q - the +1 hat of the Evening (worn) {rCorr Int+2}
   (You found it on level 1 of the Elven Halls)

   Int:       It affects your intelligence (+2).
   rCorr:     It protects you from acid and corrosion.
 U - the +7 scale mail "Zeugel" (worn) {Fly Will+ rCorr Int+2}
   (You found it on level 14 of the Dungeon)

   Int:       It affects your intelligence (+2).
   Fly:       It grants you flight.
   rCorr:     It protects you from acid and corrosion.
   Will:      It increases your willpower.
 Y - the +2 cloak of the Thief (worn) {*Fog Slay-2 SInv Stlth+}
   (Okawaru gifted it to you on level 1 of the Crypt)

   *Fog:      It may release a thick cloud of smoke when the wearer is hurt.
   Slay:      It affects your accuracy & damage with ranged weapons and melee
   (-2).
   SInv:      It lets you see invisible.
   Stlth:     It makes you more stealthy.
Jewellery
 e - the ring of Mistrust (right hand) {rF+ rN+ Str+3, =R}
   (You acquired it on level 13 of the Dungeon)

   [ring of protection from fire]

   Str:       It affects your strength (+3).
   rF:        It protects you from fire.
   rN:        It protects you from negative energy.
 i - an amulet of guardian spirit (around neck)
 r - the ring of Towaerea {+Blink rC- Int-4 Dex+6 Slay+5}
   (You took it off a deep elf demonologist on level 3 of the Elven Halls)

   [ring of dexterity]

   Int:       It affects your intelligence (-4).
   Dex:       It affects your dexterity (+6).
   Slay:      It affects your accuracy & damage with ranged weapons and melee
   (+5).
   rC:        It makes you vulnerable to cold.
   +Blink:    It lets you blink.
 t - a ring of willpower
 G - a +6 ring of intelligence (left hand)
 S - a ring of protection from cold
Wands
 d - a wand of digging (22)
 j - a wand of quicksilver (14)
 k - a wand of iceblast (26)
 p - a wand of paralysis (12)
 s - a wand of mindburst (12)
Scrolls
 B - 2 scrolls of blinking
 C - 3 scrolls of poison
 E - 6 scrolls of fear
 F - 3 scrolls of fog
 T - 6 scrolls of teleportation
 V - 4 scrolls of vulnerability
Potions
 o - 4 potions of ambrosia
 q - 9 potions of curing
 u - 9 potions of mutation {!q}
 z - 3 potions of brilliance
 I - a potion of invisibility
 K - a potion of magic {!q}
 L - 6 potions of lignification
 M - 5 potions of might
 N - a potion of cancellation {!q}
 R - 4 potions of resistance
 W - 6 potions of heal wounds {!q}
 X - 6 potions of enlightenment
 Z - a potion of berserk rage {!q}
Miscellaneous
 c - a condenser vane (inert)
 l - a lightning rod (2/4)
 n - a phial of floods


   Skills:
 - Level 15.0 Fighting
 - Level 14.0(19.1) Short Blades
 + Level 21.1(22.5) Long Blades
 - Level 8.3 Throwing
 - Level 14.0 Armour
 - Level 14.0 Dodging
 - Level 12.0 Stealth
 - Level 7.0 Shields
 - Level 15.0 Spellcasting
 - Level 7.0 Conjurations
 - Level 18.0 Hexes
 - Level 7.0 Necromancy
 - Level 5.0 Translocations
 - Level 13.0 Transmutations
 - Level 7.0 Ice Magic
 - Level 7.0 Air Magic
 - Level 4.0 Earth Magic
 - Level 5.0 Poison Magic
 + Level 12.3 Invocations
 + Level 14.2 Evocations


You had 4 spell levels left.
You knew the following spells:

 Your Spells              Type           Power      Damage    Failure   Level
d - Iskenderun's Mystic   Conj/Tloc      51%        2d11      1%          4
f - Mephitic Cloud        Conj/Pois/Air  53%        N/A       1%          3
g - Apportation           Tloc           94%        N/A       1%          1
j - Enfeeble              Hex            43%        N/A       1%          7
n - Dispel Undead         Necr           55%        3d20      1%          4
q - Swiftness             Air            55%        N/A       1%          3
s - Dazzling Flash        Conj/Hex       100%       N/A       1%          3
t - Confusing Touch       Hex            87%        N/A       0%          3
w - Passwall              Tmut/Erth      50%        N/A       1%          2
y - Yara's Violent Unrav  Hex/Tmut       40%        3d16      1%          5
B - Blink                 Tloc           94%        N/A       1%          2
C - Ensorcelled Hibernat  Hex/Ice        100%       N/A       0%          2
F - Discord               Hex            43%        N/A       12%         8
I - Silence               Hex/Air        36%        N/A       1%          5

Your spell library contained the following spells:

 Spells                   Type           Power      Damage    Failure   Level
 Slow                     Hex            100%       N/A       0%          1
 Wereblood                Tmut           74%        N/A       0%          2
 Cause Fear               Hex            43%        N/A       0%          4
 Foxfire                  Conj/Fire      100%       2x1d9     1%          1
 Kiss of Death            Conj/Necr      100%       2d13      1%          1
 Magic Dart               Conj           100%       1d8       1%          1
 Necrotise                Necr           100%       1d9       1%          1
 Sandblast                Erth           82%        2d17      1%          1
 Shock                    Conj/Air       100%       1d9       1%          1
 Sting                    Tmut/Pois      100%       1d8       1%          1
 Cigotuvi's Dreadful Rot  Necr/Pois/Air  100%       N/A       1%          2
 Lesser Beckoning         Tloc           94%        N/A       1%          2
 Momentum Strike          Conj/Tloc      100%       3d10      1%          2
 Poisonous Vapours        Pois/Air       100%       N/A       1%          2
 Searing Ray              Conj           100%       2d8       1%          2
 Static Discharge         Conj/Air       100%       2-7/arc   1%          2
 Sublimation of Blood     Necr           55%        N/A       1%          2
 Frozen Ramparts          Ice            100%       1d16      1%          3
 Gell's Gravitas          Tloc           47%        N/A       1%          3
 Hailstorm                Conj/Ice       55%        3d12      1%          3
 Ignite Poison            Fire/Tmut/Pois 51%        N/A       1%          3
 Inner Flame              Hex/Fire       62%        N/A       1%          3
 Ozocubu's Armour         Ice            55%        N/A       1%          3
 Portal Projectile        Hex/Tloc       100%       N/A       1%          3
 Stone Arrow              Conj/Erth      98%        3d13      1%          3
 Teleport Other           Tloc           47%        N/A       1%          3
 Vampiric Draining        Necr           55%        2d9       1%          3
 Vhi's Electric Charge    Tloc/Air       100%       N/A       1%          3
 Airstrike                Air            27%        2d(4-20)  1%          4
 Anguish                  Hex/Necr       36%        N/A       1%          4
 Fulminant Prism          Conj/Hex       36%        3d18      1%          4
 Leda's Liquefaction      Hex/Erth       34%        N/A       1%          4
 Volatile Blastmotes      Fire/Tloc      66%        2d15      2%          3
 Scorch                   Fire           40%        2d7       3%          2
 Manifold Assault         Tloc           47%        N/A       3%          4
 Olgreb's Toxic Radiance  Pois           47%        N/A       3%          4
 Passage of Golubria      Tloc           47%        N/A       3%          4
 Flame Wave               Conj/Fire      39%        2d11      6%          4
 Sticky Flame             Conj/Fire      39%        2d6       6%          4
 Alistair's Intoxication  Tmut/Pois      41%        N/A       1%          5
 Metabolic Englaciation   Hex/Ice        36%        N/A       1%          5
 Agony                    Necr           55%        N/A       4%          5
 Arcjolt                  Conj/Air       27%        1d37      4%          5
 Iskenderun's Battlesphe  Conj           55%        2d11      4%          5
 Borgnjor's Vile Clutch   Necr/Erth      24%        N/A       8%          5
 Eringya's Noxious Bog    Tmut/Pois      31%        4d6       11%         6
 Lee's Rapid Deconstruct  Erth           20%        3d12*     16%         5
 Fireball                 Conj/Fire      19%        3d9       19%         5
 Conjure Ball Lightning   Conj/Air       27%        3x3d8     24%         6
 Leda's Unmaking          Conj/Erth      24%        9d5       43%         6
 Dispersal                Tloc           23%        N/A       50%         6
 Plasma Beam              Fire/Air       19%        2x1d31    73%         6
 Starburst                Conj/Fire      19%        6d7       73%         6
 Orb of Destruction       Conj           27%        9d9       82%         7
 Ozocubu's Refrigeration  Ice            27%        4d13      82%         7
 Borgnjor's Revivificati  Necr           27%        N/A       100%        8
 Disjunction              Tloc           23%        N/A       100%        8
 Ignition                 Fire           10%        3d5       100%        8
 Lehudib's Crystal Spear  Conj/Erth      24%        10d7      100%        8
 Maxwell's Capacitive Co  Air            27%        ∞         100%        8
 Polar Vortex             Ice            27%        12d3*     100%        9
 Tukima's Dance           Hex            Unusable   N/A       N/A         3
 Animate Dead             Necr           Unusable   N/A       N/A         4
 Summon Small Mammal      Summ           Unusable   N/A       N/A         1
 Call Imp                 Summ           Unusable   N/A       N/A         2
 Summon Ice Beast         Ice/Summ       Unusable   N/A       N/A         4
 Call Canine Familiar     Summ           Unusable   N/A       N/A         3
 Death Channel            Necr           Unusable   N/A       N/A         6
 Simulacrum               Ice/Necr       Unusable   N/A       N/A         6
 Summon Forest            Summ/Tloc      Unusable   N/A       N/A         5
 Summon Cactus Giant      Summ           Unusable   N/A       N/A         6
 Haunt                    Necr/Summ      Unusable   N/A       N/A         7
 Spellforged Servitor     Conj/Summ      Unusable   N/A       N/A         7
 Summon Hydra             Summ           Unusable   N/A       N/A         7
 Infestation              Necr           Unusable   N/A       N/A         8
 Dragon's Call            Summ           Unusable   N/A       N/A         9

Dungeon Overview and Level Annotations

Branches:
Dungeon (15/15)            Temple (1/1) D:7            Lair (5/5) D:11
  Swamp (4/4) Lair:2       Spider (4/4) Lair:3        Slime (0/5) Lair:4
    Orc (2/2) D:10            Elf (3/3) Orc:2        Vaults (5/5) D:14
  Crypt (3/3) Vaults:2       Tomb (0/3) Crypt:3      Depths (4/4) D:15
    Zot (5/5) Depths:4      IceCv (visited)         Gauntlet (visited)

Altars:
Ashenzari
Cheibriados
Dithmenos
Elyvilon
Fedhas
Gozag
Hepliaklqana
Kikubaaqudgha
Makhleb
Nemelex Xobeh
Okawaru
Qazlal
Ru
Sif Muna
Trog
Uskayaw
Vehumet
Wu Jian
Xom
Yredelemnul
Zin
The Shining One
Jiyva

Shops:
D:3 [   D:4 :   D:13 =   Orc:2 *[(:(   Elf:2 :   Elf:3 ::[   Vaults:1 (:![
Depths:2 =:

Portals:
Hell: Depths:1 Depths:2 Depths:3 Depths:4
Abyss: Depths:3 Depths:4
Pandemonium: Depths:2
Ziggurat: Depths:3


Innate Abilities, Weirdness & Mutations

You are completely covered in rugged brown scales. (AC +3, +7% HP)
Armour fits poorly on your strangely shaped body.
You have a long armoured tail.
You roll when moving toward enemies. (Rampage)
Your long tongue fully drains potion bottles. (2x potion effects)
Your tongue gives you trouble enunciating. (1.5x scroll delay)
You are mostly covered in iridescent scales. (AC +4)
You are weak. (Str -2)
Your spells are a little easier to cast, but a little less powerful.
You expend magic power (3 MP) to strengthen your wands.
You passively dampen the noise of your surroundings.


Message History

New annotation for D:1 (include '!' for warning): Cleared annotation.
You reach down and open the door.
There is an open door here.
An Orb Guardian comes into view.
Casting: Passwall (safe; 1% risk of failure)
Confirm with . or Enter, or press ? or * to list all spells.
Aiming: Enfeeble (mildly dangerous; 1% risk of failure)
Press: ? - help, Shift-Dir - straight line, f - Orb Guardian
Aim: an Orb Guardian (will inflict weakness, chance to daze and blind: 50%)
The Orb Guardian partially resists.
The Orb Guardian is enfeebled!
Casting: Enfeeble (mildly dangerous; 1% risk of failure)
Confirm with . or Enter, or press ? or * to list all spells.
Aiming: Yara's Violent Unravelling (safe; 1% risk of failure)
Press: ? - help, Dir - move target, f/p - Orb Guardian
Aim: an Orb Guardian (weak)
The Orb Guardian's magical effects unravel!
The enchantments explode!
The Orb Guardian twists and deforms.
The unravelling engulfs the Orb Guardian!!
The Orb Guardian is moderately wounded.
Really quaff
N - 2 potions of cancellation {!q}?
Your magical effects are unravelling.
You feel magically purged.
You slurp down every last drop of the potion of cancellation {!q}!
You are no longer corroded.
Casting: Yara's Violent Unravelling (safe; 1% risk of failure)
Confirm with . or Enter, or press ? or * to list all spells.
Aiming: Enfeeble (mildly dangerous; 1% risk of failure)
Press: ? - help, Shift-Dir - straight line, f/p - Orb Guardian
Aim: an Orb Guardian (moderately wounded, misshapen and mutated, will inflict weakness, chance to daze and blind: 77%)
The Orb Guardian is enfeebled!
The Orb Guardian closely misses you.
You strike the helpless Orb Guardian from behind!
You spit the Orb Guardian like a pig!!! You freeze the Orb Guardian!!
You kill the Orb Guardian!
Okawaru accepts your kill.
You feel your strength returning.
(D) Dungeon (T) Temple (L) Lair (S) Swamp (N) Spider Nest (M) Slime Pits (O) Orcish Mines (E) Elven Halls (V) Vaults (C) Crypt (W) Tomb (U) Depths (H) Hell (Z) Zot
Where to? (Enter - D:1 @ (x,y), ? - help) HP restored.
A soul eater comes into view.
You reach down and open the door.
There is an open door here.
As you open the door, it creaks loudly!
There is an open door here.
There is an open door here.
There is a staircase leading out of the dungeon here.
You have escaped!

#.##.#.....##.#...#..##......#...
#.#..#..#..##+#####..##......#...
#.##.......#...#.............##.#
..+...#..#.....'.....#..........#
#.#............#.....#...#..###..
#.#....##..##'#####..#........#..
#.####..#.....#...#..#...###..#..
#.# #...#.....#...#.....####..#..
#.###....##.#.'.@.#.##.....#..+..
#..###...#..#.#...#.##.....#.>#..
##.###.#.#..#'#####.##.....#....#
#..###....#...#....##...........
##..####...#..'....##..........#
##.####......#....##...........
#..##....#'#####.##.....#.....
##..###....#...#.##...........
##..###...#...#.##.########.#


There were no monsters in sight!

Vanquished Creatures
  3 dread liches (Zot:5)
  5 orbs of fire
  3 ancient liches
  Mara (Vaults:2)
  2 royal mummies
  The ghost of Toelubet the Slayer, a veteran CeHu of Okawaru (Zot:3)
  Vv (Crypt:3)
  Frederick (Vaults:3)
  3 Killer Klowns (Zot:5)
  A curse toe (Zot:4)
  Nikola (Vaults:2)
  A profane servitor (Crypt:3)
  2 bone dragons
  the Enchantress (Depths:1)
  4 golden dragons
  3 electric golems
  Zenata (Vaults:1)
  14 tentacled monstrosities
  19 Orb Guardians
  5 liches
  Asterion (Depths:1)
  4 deep elf blademasters (Elf:3)
  3 quicksilver dragons
  2 deep elf master archers (Elf:3)
  6 titans
  7 death cobs
  An ancient champion (Vaults:2)
  3 sphinxes
  10 storm dragons
  A thorn hunter (Swamp:2)
  3 tengu reavers
  7 draconian monks
  A revenant (Vaults:2)
  Donald (Vaults:4)
  9 shadow dragons
  The ghost of Daoqex the Envoy of Void, an adept DsGl of Lugonu (Swamp:3)
  Aizul (Spider:2)
  3 fenstrider witches
  The ghost of Soiph the Severer, a journeyman MiFi of Okawaru (Elf:1)
  5 frost giants
  8 draconian knights
  2 fire giants
  5 deep elf sorcerers (Elf:3)
  4 draconian scorchers
  13 vault wardens
  3 emperor scorpions
  4 iron dragons
  Louise (Depths:3)
  3 caustic shrike zombies (Crypt:3)
  6 ghost moths
  4 curse skulls
  3 spectral caustic shrikes (Depths:2)
  2 cacodemons (Elf:1)
  4 draconian shifters
  An orc warlord (Orc:2)
  The ghost of Unetz the Destroyer, an adept VSCj of Gozag (Orc:1)
  A draconian annihilator (Zot:1)
  5 deep elf elementalists (Elf:3)
  A reaper (Crypt:2)
  2 draconian stormcallers (Zot:4)
  15 very ugly things
  11 stone giants
  11 ironbound thunderhulks
  4 spriggan defenders
  12 ironbound preservers
  6 ghouls
  A broodmother (Spider:2)
  2 formless jellyfish
  2 vampire knights
  2 war gargoyles
  The ghost of bmj180 the Frost Mage, a journeyman MfIE of Ignis (Orc:2)
  4 deep elf demonologists
  9 black draconians
  4 eleionomae
  4 dire elephants
  7 spark wasps
  2 minotaurs
  2 bunyips
  7 green draconians
  5 purple draconians
  8 deep elf annihilators
  10 red draconians
  11 yellow draconians
  4 white draconians
  4 deep elf death magi
  9 ettins
  2 crystal guardians (Vaults:4)
  3 spectral golden dragons (Depths:2)
  2 mummy priests (Depths:2)
  8 jiangshi
  7 eidola
  9 entropy weavers
  A shambling mangrove (Swamp:1)
  15 yaktaur captains
  4 deep elf high priests
  3 fire dragons
  Josephine (D:14)
  Harold (D:10)
  4 ice dragons
  6 great orbs of eyes
  2 hell beasts
  16 hydras
  The ghost of initializr the Mimic, a journeyman DrSh of Makhleb (D:11)
  6 vault guards
  2 rakshasas (Depths:3)
  2 spectral tengu (Depths:2)
  2 peacekeepers
  8 jorogumos
  8 ironbound frosthearts
  10 centaur warriors
  A spriggan skeleton (Depths:1)
  4 radroaches
  The ghost of BorgnjorsVileCrotch the Martial Artist, a journeyman OpSh of Ashenzari (D:12)
  The ghost of sastreii the Grappler, a novice TrWr of Cheibriados (Lair:1)
  A caustic shrike simulacrum (IceCv)
  5 spriggan air magi
  A spectral fire giant (Depths:2)
  A merfolk avatar (Abyss:4)
  5 ogre magi
  4 death knights
  An alligator snapping turtle (shapeshifter) (D:15)
  2 ghost crabs
  10 death yaks
  2 deep troll earth magi (Vaults:5)
  7 alligators
  9 boulder beetles
  9 death scarabs
  2 spectral frost giants (Depths:2)
  4 tengu warriors
  32 dancing weapons
  2 vampire magi
  Urug (D:11)
  15 two-headed ogres
  A deep troll shaman (Depths:3)
  5 thrashing horrors
  2 hell hogs
  13 demonic crawlers
  2 spectral storm dragons (Depths:2)
  3 orc high priests (Orc:2)
  5 hell knights
  3 sun demons
  2 spriggan berserkers
  A titan zombie (Crypt:3)
  4 soul eaters
  A wretched star (Abyss:4)
  15 deep elf knights
  2 shadow wraiths
  2 spectral spriggans
  10 skeletal warriors
  A spectral spark wasp (Depths:2)
  The ghost of SlaveLabor the Carver, a novice DsMo (D:7)
  A storm dragon skeleton (Depths:1)
  3 sun moths
  7 pharaoh ants
  A skyshark (Lair:5)
  An orb spider (shapeshifter) (Vaults:2)
  A death drake (shapeshifter) (D:15)
  24 deep trolls
  A flayed ghost (Crypt:2)
  8 goliath frogs
  4 spectral hydras (Swamp:4)
  2 iron trolls (Depths:2)
  A bunyip zombie (Crypt:3)
  A deep troll (shapeshifter) (D:14)
  3 glowing orange brains
  8 orb spiders
  An orange crystal statue (Zot:5)
  7 bog bodies
  5 deep elf archers
  A shadow demon (Depths:2)
  6 spriggan druids
  5 spriggan simulacra
  19 phantasmal warriors
  7 swamp dragons
  2 wizards
  Pikel (D:7)
  26 deep elf zephyrmancers
  An obsidian statue (Depths:2)
  A large abomination (Abyss:3)
  4 harpies
  6 necromancers
  2 shadow dragon zombies (Crypt:3)
  13 ironbound convokers
  7 steelbarb worms
  10 orc knights
  25 deep elf pyromancers
  3 spectral wolf spiders (Spider:4)
  12 lindwurms
  The ghost of Vorhees the Magician, a novice DjCj of Gozag (D:6)
  A spectral ettin (Depths:2)
  22 ugly things
  5 orc sorcerers
  A stone giant zombie (Abyss:5)
  28 wolf spiders
  7 manticores
  2 wolf spider zombies (Spider:4)
  5 cyclopes
  3 will-o-the-wisps
  4 oklob plants
  A worldbinder (Gauntlet)
  An eleionoma skeleton (Crypt:1)
  16 moths of wrath
  11 black mambas
  3 naga zombies (Crypt:3)
  Maurice (D:7)
  A dire elephant zombie (Crypt:3)
  9 vault sentinels
  16 cane toads
  An orange demon (Abyss:4)
  A guardian serpent (Lair:5)
  A smoke demon (D:9)
  An alligator snapping turtle zombie (Crypt:3)
  Maggie (D:10)
  A hellion (Abyss:3)
  An unseen horror (D:5)
  3 kobold demonologists
  13 torpor snails
  Psyche (D:8)
  4 rime drakes
  2 swamp worm zombies (Swamp:4)
  7 komodo dragons
  An efreet (Depths:1)
  4 spectral redbacks (Spider:4)
  A redback zombie (Spider:4)
  4 ice devils (IceCv)
  An elephant slug zombie (Crypt:1)
  2 ancient zymes (Abyss:4)
  2 tengu conjurers
  2 bunyip simulacra (Swamp:3)
  A starcursed mass (Abyss:4)
  2 spectral glowing shapeshifters (Depths:2)
  7 freezing wraiths
  3 anaconda simulacra (IceCv)
  A golden dragon simulacrum (IceCv)
  A spectral death drake (Swamp:3)
  13 yaktaurs
  10 guardian mummies
  A black draconian skeleton (Crypt:2)
  11 tyrant leeches
  4 harpy zombies (Crypt:3)
  11 trolls
  A queen bee (shapeshifter) (Elf:3)
  2 queen bees (Gauntlet)
  4 bloated husks
  A hellwing (Abyss:4)
  10 meliai
  A yellow draconian skeleton (Crypt:1)
  A hornet (shapeshifter) (Vaults:5)
  2 hydra zombies (Swamp:4)
  24 hornets
  2 polar bears
  A wind drake (shapeshifter) (D:13)
  A wolf spider simulacrum (D:11)
  5 raiju
  2 spectral culicivoras (Spider:4)
  18 blink frogs
  3 ettin zombies (Crypt:3)
  43 tarantellas
  7 alligator zombies (Swamp:4)
  A blink frog (shapeshifter) (D:14)
  An ice dragon zombie (Crypt:3)
  A spectral dream sheep (Gauntlet)
  3 spectral swamp dragons (Swamp:4)
  A tarantella zombie (Spider:4)
  An iron dragon simulacrum (Depths:1)
  Sigmund (D:2)
  3 jumping spider zombies (Spider:4)
  18 culicivoras
  4 air elementals
  A culicivora zombie (Spider:4)
  17 slime creatures
  3 centaur simulacra
  A black mamba zombie (Crypt:3)
  26 jumping spiders
  A culicivora (shapeshifter) (Depths:4)
  3 flying skulls (Crypt:2)
  45 yaks
  A dire elephant simulacrum (IceCv)
  10 wraiths
  14 spriggans
  15 wyverns
  15 water elementals
  A ynoxinul (Abyss:4)
  An ushabti (Crypt:3)
  4 vampires
  6 basilisks
  10 fire elementals
  A small abomination (Abyss:4)
  4 neqoxecs
  A hog (shapeshifter) (D:15)
  2 minotaur simulacra (IceCv)
  A spectral komodo dragon (Gauntlet)
  2 steam dragons
  A wind drake skeleton (Crypt:2)
  72 redbacks
  A warg (shapeshifter) (Elf:1)
  19 vampire mosquitoes
  2 chaos spawn
  8 wargs
  6 acid dragons
  A harpy simulacrum (IceCv)
  12 swamp worms
  28 water moccasins
  A naga skeleton (Crypt:1)
  A floating eye (shapeshifter) (Vaults:5)
  2 hydra simulacra (Swamp:3)
  28 orc warriors
  3 swamp drakes (Swamp:2)
  An ice beast (D:5)
  A black bear (D:5)
  2 sky beasts (shapeshifter) (Elf:1)
  5 swamp dragon zombies (Swamp:4)
  A dream sheep skeleton (Crypt:1)
  5 wolves (Lair:2)
  3 boggarts
  9 centaurs
  20 ogres
  A blink frog skeleton (Crypt:2)
  4 lemures (D:7)
  9 phantoms
  6 bullfrogs
  4 kobold brigands
  5 necrophages (Crypt:3)
  A bullfrog (shapeshifter) (Elf:1)
  2 deep troll simulacra (IceCv)
  2 scorpions (shapeshifter) (Elf:1)
  5 earth elementals
  7 scorpions
  5 wyvern skeletons (Crypt:3)
  A hornet simulacrum (D:13)
  9 wights
  39 killer bees
  3 howler monkeys
  3 quasits (Orc:2)
  2 centaur zombies
  6 hounds
  An iron imp (Abyss:3)
  3 jellies
  18 orc priests
  Terence (D:2)
  6 iguanas
  A sleepcap (D:7)
  22 orc wizards
  5 hell rats (Lair:3)
  An adder (shapeshifter) (Elf:1)
  5 gnolls
  6 adders
  A river rat (shapeshifter) (Elf:1)
  A swamp drake zombie (Swamp:4)
  3 shadow imps
  3 white imps
  A worm (D:2)
  2 dart slugs (D:2)
  57 orcs
  6 bats
  6 endoplasms
  2 giant cockroaches
  7 hobgoblins
  14 jackals
  2 quokkas (D:1)
  7 ball pythons
  4 frilled lizards
  5 goblins
  20 kobolds
  2 rats
  A butterfly (D:8)
2081 creatures vanquished.

Vanquished Creatures (collateral kills)
  3 dread liches
  An orb of fire (Zot:5)
  A curse toe (Zot:5)
  A golden dragon (Zot:2)
  2 electric golems
  4 Orb Guardians (Zot:5)
  3 tentacled monstrosities
  A sphinx (Vaults:5)
  An ancient champion (Crypt:2)
  A death cob (Zot:2)
  A shadow dragon (Zot:1)
  A tengu reaver (Vaults:5)
  6 draconian monks
  9 storm dragons
  3 draconian knights
  A deep elf sorcerer (Vaults:5)
  A fire giant (Vaults:5)
  2 frost giants
  4 draconian scorchers
  A spectral juggernaut (Depths:2)
  6 ghouls
  3 spectral caustic shrikes (Depths:2)
  An ironbound preserver (Vaults:5)
  5 draconian shifters
  2 reapers (Depths:1)
  7 draconian annihilators
  2 very ugly things (Depths:2)
  4 draconian stormcallers
  5 black draconians
  A stone giant (Depths:2)
  5 green draconians
  A deep elf annihilator (Vaults:5)
  8 purple draconians
  11 white draconians
  12 yellow draconians
  15 red draconians
  3 spark wasps
  2 eidola (Crypt:3)
  2 deep elf death magi
  6 jiangshi
  3 ettins
  A fire dragon (Depths:4)
  A rakshasa (Depths:1)
  A spriggan zombie (Crypt:1)
  An ice dragon (Depths:1)
  25 vault guards (Vaults:5)
  An anaconda (shapeshifter) (Vaults:5)
  2 death knights
  5 deep troll shamans
  3 vampire magi (Crypt:1)
  2 hell hogs (Depths:1)
  3 deep troll earth magi
  3 spriggan berserkers
  12 hell knights
  A sun demon (Depths:1)
  A soul eater (Depths:3)
  4 iron trolls
  4 skeletal warriors
  12 deep trolls
  A flayed ghost (Crypt:3)
  A wizard (Depths:1)
  A bog body (Crypt:2)
  11 phantasmal warriors
  5 necromancers
  A wolf spider (Crypt:3)
  9 ugly things
  A human skeleton (Crypt:1)
  A vault sentinel (Vaults:5)
  8 moths of wrath
  A dire elephant skeleton (Crypt:1)
  4 yaktaurs (Vaults:5)
  3 freezing wraiths (Crypt:3)
  A black draconian skeleton (Crypt:1)
  A sea snake skeleton (Crypt:1)
  An orb spider zombie (Crypt:1)
  2 hornets
  4 jumping spiders (Crypt:3)
  A fire dragon skeleton (Crypt:1)
  6 flying skulls (Crypt:2)
  4 spriggans
  A wraith (Crypt:1)
  3 water elementals (Depths:3)
  A wind drake zombie (Crypt:2)
  10 fire elementals (Zot:1)
  2 redbacks (Crypt:3)
  A floating eye (shapeshifter) (Vaults:5)
  3 orc warriors (Vaults:5)
  2 phantoms (Crypt:3)
  4 necrophages
  3 wyvern skeletons (Crypt:3)
  A cyclops skeleton (Crypt:2)
  A deep dwarf skeleton (Crypt:1)
  3 orcs
  A bat zombie (Crypt:2)
336 creatures vanquished.

Vanquished Creatures (others)
  An Orb Guardian (Zot:5)
  A storm dragon (Zot:5)
  A tengu reaver (Vaults:5)
  2 draconian monks (Zot:4)
  4 draconian knights
  A vault warden (Vaults:5)
  A frost giant (Depths:2)
  A ghost moth (Zot:5)
  3 ghouls
  2 draconian stormcallers
  A draconian annihilator (Depths:4)
  2 very ugly things
  2 green draconians (Zot:1)
  2 yellow draconians
  5 black draconians
  A white draconian (Zot:3)
  A spark wasp (Depths:1)
  4 red draconians
  A jiangshi (Crypt:1)
  2 ice dragons
  4 hell hogs (Depths:1)
  5 hell knights
  A skeletal warrior (Crypt:3)
  4 deep trolls
  2 phantasmal warriors
  2 ironbound convokers (Vaults:5)
  An ugly thing (Depths:1)
  A necromancer (Depths:1)
  An orc knight (Vaults:5)
  A smoke demon (Depths:1)
  5 moths of wrath
  A molten gargoyle (Depths:3)
  An efreet (Zot:1)
  A freezing wraith (Crypt:1)
  2 bloated husks (Swamp:4)
  A tarantella (Spider:2)
  A hornet (Depths:2)
  A jumping spider (Spider:1)
  2 spriggans
  A wraith (Crypt:3)
  2 redbacks (Crypt:3)
  A small abomination (Abyss:4)
  4 phantoms (Swamp:4)
  5 necrophages
  An orc wizard (Orc:1)
  A mummy (Crypt:3)
  14 foxfires
  A lurking horror (Abyss:4)
105 creatures vanquished.

Grand Total: 2522 creatures vanquished

Notes
Turn   | Place    | Note
-------+----------+-------------------------------------------
     0 | D:1      | Ge0ff the Armataur Brigand began the quest for the Orb.
     0 | D:1      | Reached XP level 1. HP: 18/18 MP: 1/1
   349 | D:1      | Reached XP level 2. HP: 25/25 MP: 2/2
  1214 | D:2      | Reached XP level 3. HP: 28/31 MP: 3/3
  1252 | D:2      | Noticed Terence
  1314 | D:2      | Noticed Sigmund
  1380 | D:2      | Reached skill level 1 in Dodging
  1387 | D:2      | Reached skill level 1 in Armour
  1651 | D:3      | Found a stormy altar of Qazlal.
  1746 | D:3      | Found a burning altar of Makhleb.
  1748 | D:3      | Found a glowing silver altar of Zin.
  1749 | D:3      | Noticed an angel
  1750 | D:3      | Noticed a cacodemon
  1775 | D:3      | Reached XP level 4. HP: 32/38 MP: 4/4
  1920 | D:3      | Learned a level 3 spell: Mephitic Cloud
  1931 | D:3      | Found a sparkling altar of Nemelex Xobeh.
  2052 | D:3      | Identified the +8 dagger of Gozag, Shouting {freeze, rPois
                  | Str+3}
  2216 | D:3      | Found Cidgh's Antique Armour Boutique.
  2325 | D:3      | Found a hazy altar of Hepliaklqana.
  2588 | D:4      | Noticed a scorpion
  2590 | D:4      | Killed a scorpion
  2591 | D:4      | Reached XP level 5. HP: 43/43 MP: 5/5
  2940 | D:4      | Reached skill level 1 in Conjurations
  2940 | D:4      | Reached skill level 1 in Poison Magic
  2956 | D:4      | Reached skill level 1 in Spellcasting
  2956 | D:4      | Reached skill level 1 in Air Magic
  3173 | D:4      | Reached XP level 6. HP: 53/53 MP: 7/7
  3335 | D:4      | Found Raojurr's Book Emporium.
  3521 | D:3      | Bought a runed cloak for 195 gold pieces
  3588 | D:5      | Entered Level 5 of the Dungeon
  3588 | D:5      | Noticed a kobold demonologist
  3594 | D:5      | Noticed a ynoxinul
  3602 | D:4      | Killed a kobold demonologist
  3603 | D:4      | Reached XP level 7. HP: 54/59 MP: 7/9
  3715 | D:5      | Reached skill level 5 in Short Blades
  4011 | D:2      | Killed Terence
  4072 | D:2      | Killed Sigmund
  4073 | D:2      | Reached XP level 8. HP: 55/67 MP: 11/11
  4525 | D:5      | Reached skill level 5 in Stealth
  4891 | D:6      | Found a runed translucent gate.
  4902 | D:6      | Noticed Vorhees's ghost (novice DjCj)
  4933 | D:6      | Found a runed translucent gate.
  5380 | D:5      | Killed an unseen horror
  5381 | D:5      | Reached XP level 9. HP: 29/73 MP: 4/13
  5973 | D:6      | Found a runed translucent gate.
  6249 | D:7      | Found a runed translucent gate.
  6249 | D:7      | Found a runed translucent gate.
  6249 | D:7      | Found a runed translucent gate.
  6250 | D:7      | Noticed SlaveLabor's ghost (novice DsMo)
  6381 | D:7      | Noticed a troll
  6383 | D:7      | Killed a troll
  6384 | D:7      | Reached skill level 1 in Evocations
  6738 | D:7      | Reached skill level 5 in Conjurations
  6795 | D:7      | Reached skill level 5 in Air Magic
  6795 | D:7      | Reached skill level 5 in Poison Magic
  6809 | D:7      | Found a staircase to the Ecumenical Temple.
  6873 | D:7      | Reached XP level 10. HP: 83/83 MP: 10/14
  7053 | D:7      | Noticed Pikel
  7072 | D:7      | Killed Pikel
  7105 | Temple   | Entered the Ecumenical Temple
  7120 | Temple   | Became a worshipper of Warmaster Okawaru
  7428 | D:8      | Noticed Psyche
  7477 | D:8      | Noticed Maurice
  7488 | D:7      | Killed Maurice
  7496 | D:7      | Reached skill level 1 in Shields
  7689 | D:8      | Killed Psyche
  7689 | D:8      | Reached * piety under Okawaru
  7898 | D:8      | Identified the +2 quarterstaff of the Real Monster {speed,
                  | *Corrode Will+ Str+4}
  7901 | D:8      | Found the +7 staff of the Meek {protect, meekguard}
  7949 | D:8      | Noticed a two-headed ogre
  7958 | D:8      | Killed a two-headed ogre
  7959 | D:8      | Reached skill level 1 in Invocations
  8076 | D:8      | Found a white marble altar of Elyvilon.
  8169 | D:9      | Reached ** piety under Okawaru
  8450 | D:9      | Reached XP level 11. HP: 83/90 MP: 9/16
  8658 | D:9      | Found a basalt altar of Yredelemnul.
  8791 | D:9      | Noticed a two-headed ogre
  8807 | D:9      | Killed a two-headed ogre
  8807 | D:9      | Reached *** piety under Okawaru
  8808 | D:9      | Reached skill level 5 in Armour
  9376 | D:10     | Entered Level 10 of the Dungeon
  9411 | D:10     | Noticed Harold
  9492 | D:10     | Noticed Maggie
  9496 | D:10     | Killed Maggie
  9691 | D:10     | Killed Harold
  9706 | D:10     | Reached **** piety under Okawaru
  9707 | D:10     | Reached skill level 5 in Fighting
  9833 | D:10     | Noticed a two-headed ogre
  9844 | D:10     | Killed a two-headed ogre
  9949 | D:10     | Found a staircase to the Orcish Mines.
 10151 | D:10     | Found a blossoming altar of Fedhas.
 10182 | D:10     | Noticed an oklob plant
 10345 | D:10     | Found a staircase to the Orcish Mines.
 10805 | D:11     | Found a runed translucent door.
 10833 | D:11     | Noticed Urug
 10839 | D:11     | Killed Urug
 11221 | D:11     | Noticed an oklob plant
 11224 | D:11     | Noticed an oklob plant
 11270 | D:11     | Noticed initializr's ghost (journeyman DrSh)
 11271 | D:11     | Noticed a lich
 11273 | D:11     | Noticed a wizard
 11273 | D:11     | Noticed a skeletal warrior
 11273 | D:11     | Noticed a frost giant
 11343 | D:11     | Found a staircase to the Lair.
 11380 | D:11     | Reached ***** piety under Okawaru
 11568 | D:11     | Noticed an ogre mage
 11570 | D:11     | Killed an ogre mage
 11571 | D:11     | Reached skill level 5 in Evocations
 11603 | D:11     | Found a runed translucent door.
 11608 | D:11     | Noticed a necromancer
 11611 | D:11     | Noticed a skeletal warrior
 11961 | D:11     | Killed an oklob plant
 11961 | D:11     | Identified the +4 barding of Tesigg {rN++ Str-2} (Okawaru
                  | gifted it to you on level 11 of the Dungeon)
 11961 | D:11     | Received a gift from Okawaru
 11962 | D:11     | Reached XP level 12. HP: 58/101 MP: 18/18
 12251 | Orc:1    | Entered Level 1 of the Orcish Mines
 12311 | D:10     | Reached skill level 10 in Short Blades
 12561 | Orc:1    | Noticed Unetz's ghost (adept VSCj)
 12571 | Orc:1    | Found a transporter.
 12673 | D:10     | Reached skill level 5 in Shields
 12875 | Orc:1    | Found a transporter.
 12889 | Orc:1    | Noticed a two-headed ogre
 12910 | Orc:1    | Killed a two-headed ogre
 12911 | Orc:1    | Reached skill level 5 in Spellcasting
 13269 | Lair:1   | Entered Level 1 of the Lair of Beasts
 13420 | Lair:1   | Learned a level 2 spell: Blink
 13517 | Lair:1   | Reached skill level 1 in Translocations
 13712 | Lair:1   | Found a runed translucent gate.
 13712 | Lair:1   | Found a runed translucent gate.
 13712 | Lair:1   | Found a runed translucent gate.
 13714 | Lair:1   | Noticed an eight-headed hydra
 13720 | Lair:1   | Found a transporter.
 13723 | Lair:1   | Found a transporter.
 13724 | Lair:1   | Noticed a boulder beetle
 13744 | Lair:1   | Killed a boulder beetle
 13773 | Lair:1   | Noticed a minotaur
 13866 | Lair:1   | Noticed sastreii's ghost (novice TrWr)
 14256 | Lair:2   | Found a staircase to the Swamp.
 14500 | Lair:2   | Identified the +1 rapier "Qatienn" {drain, *Corrode rC+
                  | Str+4 Stlth+} (Okawaru gifted it to you on level 2 of the
                  | Lair of Beasts)
 14500 | Lair:2   | Received a gift from Okawaru
 15106 | Lair:3   | Identified the +0 dire flail "Noblos" {freeze, Contam MP+9
                  | Int+5 Stlth+}
 15165 | Lair:3   | Reached XP level 13. HP: 114/114 MP: 20/20
 15245 | Lair:3   | Reached ****** piety under Okawaru
 15663 | Lair:3   | Found a hole to the Spider Nest.
 16214 | Lair:4   | Received a gift from Okawaru
 16449 | Lair:4   | Found a staircase to the Slime Pits.
 16449 | Lair:4   | Found a viscous altar of Jiyva.
 16794 | Lair:4   | You fall into a shaft and drop 1 floor!
 16794 | Lair:5   | Entered Level 5 of the Lair of Beasts
 16825 | Lair:5   | Reached skill level 10 in Stealth
 17018 | Lair:5   | Identified the +2 robe of Egalitarianism {Int+4} (Okawaru
                  | gifted it to you on level 5 of the Lair of Beasts)
 17018 | Lair:5   | Received a gift from Okawaru
 17216 | Lair:5   | Found a runed translucent door.
 17218 | Lair:5   | Noticed a fire dragon
 17327 | Lair:5   | Killed a fire dragon
 17955 | Lair:5   | Reached XP level 14. HP: 124/124 MP: 21/21
 18027 | Lair:5   | Identified the +4 barding of the Demon Prince {rElec rPois
                  | Will- Int+6} (Okawaru gifted it to you on level 5 of the
                  | Lair of Beasts)
 18027 | Lair:5   | Received a gift from Okawaru
 18028 | Lair:5   | Reached skill level 5 in Dodging
 18048 | Lair:5   | Reached skill level 5 in Invocations
 18252 | Lair:5   | Reached skill level 5 in Throwing
 18855 | Lair:4   | Got the Anthology of the Queen Bee and Snow
 19917 | Lair:5   | Identified a scroll of acquirement
 20156 | D:4      | Bought the Octavo of Hexing and Electrocution for 360 gold
                  | pieces
 20159 | D:4      | Learned a level 2 spell: Ensorcelled Hibernation
 20353 | D:6      | Killed Vorhees's ghost
 20418 | D:7      | Killed SlaveLabor's ghost
 20572 | D:10     | Reached skill level 1 in Hexes
 20590 | D:10     | Learned a level 4 spell: Iskenderun's Mystic Blast
 20811 | Orc:2    | Entered Level 2 of the Orcish Mines
 20844 | Orc:1    | Learned a level 5 spell: Yara's Violent Unravelling
 20857 | Orc:2    | Reached skill level 1 in Ice Magic
 21037 | Orc:2    | Found Jiri's Antique Armour Shop.
 21260 | Orc:2    | Noticed an orc warlord
 21290 | Orc:2    | Killed an orc warlord
 21290 | Orc:2    | Received a gift from Okawaru
 21396 | Orc:2    | Found a staircase to the Elven Halls.
 21403 | Orc:2    | Found Zyppur's Book Shoppe.
 21525 | Orc:2    | Bought a book of Geomancy for 234 gold pieces
 21528 | Orc:2    | Learned a level 2 spell: Passwall
 21540 | Orc:2    | Received a gift from Okawaru
 21574 | Orc:2    | Found a transporter.
 21576 | Orc:2    | Found Mooxerr's Weapon Emporium.
 21624 | Orc:2    | Found a transporter.
 21633 | Orc:2    | Noticed bmj180's ghost (journeyman MfIE)
 21704 | Orc:2    | Found Ruan's General Store.
 21747 | Orc:2    | Identified the +5 scale mail of Jedebbock {Dex+2} (Okawaru
                  | gifted it to you on level 2 of the Orcish Mines)
 21747 | Orc:2    | Received a gift from Okawaru
 22120 | Orc:2    | Found Cyseaj's Antique Weapon Boutique.
 22478 | D:12     | Found a gate leading to a gauntlet.
 22484 | Gauntlet | Entered a Gauntlet
 22484 | Gauntlet | Found a transporter.
 22493 | Gauntlet | Found a transporter.
 22496 | Gauntlet | Found a transporter.
 22497 | Gauntlet | Found a transporter.
 22508 | Gauntlet | Found a transporter.
 22508 | Gauntlet | Found a transporter.
 22509 | Gauntlet | Found a transporter.
 22517 | Gauntlet | Found the +2 pair of slick slippers {slick, slippery, EV+4}
 22518 | Gauntlet | Found a transporter.
 22521 | Gauntlet | Found a transporter.
 22522 | Gauntlet | Found a transporter.
 22530 | Gauntlet | Found a transporter.
 22533 | Gauntlet | Found a transporter.
 22534 | Gauntlet | Found a transporter.
 22542 | Gauntlet | Found a transporter.
 22644 | Gauntlet | Identified the +0 pair of boots of the Skies Above {Int+5}
 22788 | Gauntlet | Reached XP level 15. HP: 134/134 MP: 21/23
 22861 | Gauntlet | Identified the +0 pair of gloves of Odghazom {Fly}
 22918 | Gauntlet | Identified the +2 mace of Descent {flame, MP+9}
 22918 | Gauntlet | Identified the +4 scale mail of Dygg {Str+4}
 23590 | D:12     | Found a runed translucent gate.
 23591 | D:12     | Found a runed translucent gate.
 23591 | D:12     | Found a runed translucent gate.
 23591 | D:12     | Found an opulent altar of Gozag.
 23602 | D:12     | Noticed BorgnjorsVileCrotch's ghost (journeyman OpSh)
 23833 | D:13     | Found Jyarosm's Jewellery Emporium.
 24153 | D:13     | Found an iron altar of Okawaru.
 24216 | D:13     | Acquired 792 gold pieces
 24220 | D:13     | Acquired the ring of Mistrust {rF+ rN+ Str+3}
 24781 | D:14     | Reached skill level 10 in Fighting
 24916 | D:14     | Reached skill level 5 in Hexes
 24921 | D:14     | Reached skill level 5 in Ice Magic
 24954 | D:14     | Found a gate to the Vaults.
 24999 | D:14     | Noticed Josephine
 25006 | D:14     | Received a gift from Okawaru
 25014 | D:14     | Killed Josephine
 25675 | D:14     | Identified the +8 hand axe "Jexoig" {flame, Str+3}
 25710 | D:14     | Received a gift from Okawaru
 26234 | Orc:2    | Bought a manual of Transmutations for 1040 gold pieces
 26394 | D:14     | Identified the +4 short sword of Temperance {freeze, rN++}
                  | (Okawaru gifted it to you on level 14 of the Dungeon)
 26394 | D:14     | Received a gift from Okawaru
 26416 | D:14     | Identified the +7 scale mail "Zeugel" {Fly Will+ rCorr
                  | Int+2}
 26448 | D:14     | Got the Exposition on Breath
 26617 | D:15     | Entered Level 15 of the Dungeon
 26714 | D:15     | Reached skill level 1 in Transmutations
 26727 | D:15     | Reached XP level 16. HP: 87/144 MP: 14/25
 26964 | D:15     | Reached skill level 1 in Earth Magic
 27227 | D:15     | Noticed a sphinx
 27230 | D:15     | a sphinx changed into a stone giant
 27232 | D:15     | Received a gift from Okawaru
 27239 | D:15     | an eleionoma changed into a shadow dragon
 27239 | D:15     | Noticed a shadow dragon (glowing shapeshifter)
 27247 | D:15     | a shadow dragon changed into an iron troll
 27257 | D:15     | an alligator snapping turtle changed into a sphinx
 27257 | D:15     | Noticed a sphinx (glowing shapeshifter)
 27260 | D:15     | a sphinx changed into a formless jellyfish
 27711 | D:15     | Found a staircase to the Depths.
 27916 | D:15     | Learned a level 3 spell: Dazzling Flash
 28021 | Swamp:1  | Entered Level 1 of the Swamp
 28201 | Swamp:1  | Acquired 756 gold pieces
 28592 | Swamp:1  | Reached skill level 5 in Transmutations
 29391 | Swamp:2  | Noticed a thorn hunter
 29500 | Swamp:1  | Learned a level 3 spell: Swiftness
 29579 | Swamp:1  | Received a gift from Okawaru
 29967 | Swamp:2  | Killed a thorn hunter
 30270 | Swamp:2  | Received a gift from Okawaru
 30304 | Swamp:2  | Reached skill level 10 in Armour
 30313 | Swamp:2  | Identified the ring "Goelede" {Ice Fly rN+ rCorr Slay+3}
 30527 | Swamp:3  | Found a transporter.
 30950 | Swamp:3  | Found a transporter.
 30996 | Arena    | Entered the Arena
 31397 | Orc:2    | Bought a scroll of fear for 60 gold pieces
 31397 | Orc:2    | Bought a scroll of blinking for 112 gold pieces
 31441 | Orc:2    | Bought a masterwork ring mail for 225 gold pieces
 31441 | Orc:2    | Identified the +4 ring mail of the Insatiable Priests
                  | {Harm} (You bought it in a shop on level 2 of the Orcish
                  | Mines)
 31441 | Orc:2    | Bought a scorched ring mail for 225 gold pieces
 31441 | Orc:2    | Identified the +0 ring mail "Kitok" {rF++ rC+ Dex-4} (You
                  | bought it in a shop on level 2 of the Orcish Mines)
 31501 | Orc:2    | Killed bmj180's ghost
 31506 | Orc:2    | Got the ring of Noenugh {MP+9 Dex+6}
 31791 | Orc:1    | Killed Unetz's ghost
 32033 | Lair:1   | Killed sastreii's ghost
 32033 | Lair:1   | Identified the +2 barding of Okawaru's Envy {rF+} (Okawaru
                  | gifted it to you on level 1 of the Lair of Beasts)
 32033 | Lair:1   | Received a gift from Okawaru
 32282 | Spider:1 | Entered Level 1 of the Spider Nest
 32473 | Spider:1 | Reached XP level 17. HP: 122/150 MP: 19/27
 34416 | Spider:2 | Learned a level 3 spell: Confusing Touch
 34642 | Spider:2 | Noticed Aizul
 34684 | Spider:2 | Identified the +3 barding of Fanaticism {rPois Str+4}
                  | (Okawaru gifted it to you on level 2 of the Spider Nest)
 34684 | Spider:2 | Received a gift from Okawaru
 34759 | Spider:2 | Killed Aizul
 35271 | Arena    | Entered the Arena
 36030 | Spider:2 | Found a hide-covered altar of Uskayaw.
 37022 | Spider:3 | Received a gift from Okawaru
 37142 | Spider:3 | Identified the +0 dagger "Ihant" {holy, Dex+2} (Okawaru
                  | gifted it to you on level 3 of the Spider Nest)
 37142 | Spider:3 | Received a gift from Okawaru
 37977 | Spider:3 | Reached XP level 18. HP: 157/161 MP: 18/28
 38044 | Spider:4 | Entered Level 4 of the Spider Nest
 38740 | Spider:4 | Reached skill level 10 in Transmutations
 39012 | Spider:4 | Received a gift from Okawaru
 41294 | Spider:4 | Reached skill level 5 in Translocations
 41424 | Spider:4 | Received a gift from Okawaru
 41656 | Spider:4 | Got a gossamer rune of Zot
 41659 | Spider:4 | Identified the orb "Kaliliq" {*Rage, rF+ rN+++ Int-5 Dex-4}
 42326 | Swamp:2  | Received a gift from Okawaru
 42412 | Swamp:3  | Identified the +1 kite shield of Leapfrog {rN++}
 42782 | Swamp:3  | Noticed Daoqex's ghost (adept DsGl)
 43027 | Swamp:4  | Entered Level 4 of the Swamp
 43039 | Swamp:4  | Received a gift from Okawaru
 43040 | Swamp:4  | Reached skill level 10 in Hexes
 43500 | Swamp:4  | Noticed a tentacled monstrosity
 43795 | Swamp:4  | Killed a tentacled monstrosity
 44601 | Arena    | Entered the Arena
 44606 | Arena    | Paralysed by a fenstrider witch for 2 turns
 44667 | Swamp:4  | Noticed a bone dragon
 44681 | Swamp:4  | Killed a bone dragon
 44682 | Swamp:4  | Reached XP level 19. HP: 108/170 MP: 19/30
 44799 | Swamp:4  | Got a decaying rune of Zot
 45220 | D:12     | Killed BorgnjorsVileCrotch's ghost
 45338 | D:11     | Learned a level 5 spell: Silence
 45430 | Elf:1    | Entered Level 1 of the Elven Halls
 45542 | Elf:1    | Found a frozen archway.
 45593 | IceCv    | Entered an ice cave
 46792 | Elf:1    | Identified the +0 robe "Plog" {Dex+3} (Okawaru gifted it to
                  | you on level 1 of the Elven Halls)
 46792 | Elf:1    | Received a gift from Okawaru
 47323 | Elf:1    | Got the Elucidation of Violence
 47555 | Elf:1    | Found a runed translucent gate.
 47555 | Elf:1    | Found a runed translucent gate.
 47555 | Elf:1    | Found a runed translucent gate.
 47918 | Elf:1    | Found a runed translucent gate.
 47918 | Elf:1    | Found a runed translucent gate.
 47921 | Elf:1    | Found a runed translucent gate.
 47926 | Elf:1    | Noticed Soiph's ghost (journeyman MiFi)
 48362 | Elf:1    | Gained mutation: You sometimes lose your temper in combat.
                  | [a cacodemon]
 48389 | Elf:1    | Killed Soiph's ghost
 48404 | Elf:1    | Identified the +1 hat of the Evening {rCorr Int+2}
 48422 | Elf:1    | Reached skill level 10 in Spellcasting
 48422 | Elf:1    | Reached XP level 20. HP: 144/181 MP: 23/34
 48422 | Elf:1    | Reached XP level 21. HP: 150/188 MP: 23/35
 48425 | Elf:1    | Gained mutation: You are vulnerable to heat. (rF-)
                  | [mutagenic glow]
 48444 | Elf:1    | Lost mutation: You are vulnerable to heat. (rF-) [potion of
                  | mutation]
 48444 | Elf:1    | Lost mutation: You sometimes lose your temper in combat.
                  | [potion of mutation]
 48444 | Elf:1    | Gained mutation: You are partially covered in iridescent
                  | scales. (AC +2) [potion of mutation]
 48444 | Elf:1    | Gained mutation: Your mind is acute. (Int +4, Str/Dex -1)
                  | [potion of mutation]
 48444 | Elf:1    | Gained mutation: You occasionally lose the ability to drink
                  | potions when taking damage. [potion of mutation]
 48444 | Elf:1    | Gained mutation: You passively dampen the noise of your
                  | surroundings. [potion of mutation]
 48444 | Elf:1    | Gained mutation: You have an increased reservoir of magic.
                  | (+10% MP) [potion of mutation]
 48453 | Elf:1    | Learned a level 7 spell: Enfeeble
 48536 | Elf:2    | Found Cejoel's Self-Improvement Boutique.
 48565 | Elf:2    | Bought a manual of Long Blades for 880 gold pieces
 48698 | Elf:2    | Paralysed by an air elemental for 1 turns
 48881 | Elf:2    | Found a runed translucent gate.
 48882 | Elf:2    | Found a runed translucent gate.
 48882 | Elf:2    | Found a runed translucent gate.
 50964 | Swamp:3  | Received a gift from Okawaru
 51105 | Abyss:3  | Cast into level 3 of the Abyss (Daoqex's ghost)
 51836 | Abyss:4  | Found a corrupted altar of Lugonu.
 51839 | Abyss:4  | Reached XP level 22. HP: 197/197 MP: 23/29
 51850 | Abyss:4  | Got an abyssal rune of Zot
 51870 | Abyss:4  | Found a corrupted altar of Lugonu.
 51902 | Abyss:4  | Found a corrupted altar of Lugonu.
 52116 | Abyss:4  | Found a corrupted altar of Lugonu.
 52185 | Swamp:3  | Escaped the Abyss
 52545 | Elf:3    | Entered Level 3 of the Elven Halls
 52806 | Elf:3    | Found Moemunwa's Book Shoppe.
 52810 | Elf:3    | Found Uffuduy's Armour Shoppe.
 52814 | Elf:3    | Bought a book of Cantrips for 144 gold pieces
 52816 | Elf:3    | Learned a level 1 spell: Apportation
 53204 | Elf:3    | Paralysed by an air elemental for 1 turns
 54139 | Elf:3    | Found Plog's Book Shoppe.
 54472 | Abyss:5  | Cast into level 5 of the Abyss (a deep elf sorcerer)
 54552 | Elf:3    | Escaped the Abyss
 54801 | Elf:3    | Identified the +9 morningstar "Roacujix" {heavy, rCorr
                  | Str+3}
 54805 | Abyss:5  | Cast into level 5 of the Abyss (a deep elf sorcerer)
 54815 | Abyss:5  | Found a corrupted altar of Lugonu.
 55068 | Elf:3    | Escaped the Abyss
 55666 | Elf:3    | Identified the +14 crystal plate armour of Mupoazo {rC+
                  | Slay+4 Stlth+}
 55708 | Elf:3    | Identified the ring of Towaerea {+Blink rC- Int-4 Dex+6
                  | Slay+5}
 56287 | Elf:3    | Received a gift from Okawaru
 56400 | Elf:3    | Got the Disquisition on Combustion
 56407 | Elf:3    | Got the Parchment of Mutagenic Damage
 56569 | Elf:3    | Identified the ring "Dammyt" {Ice Str+6 Dex+3}
 56740 | Elf:3    | Found Plog's Book Shoppe.
 56991 | Elf:3    | Found Moemunwa's Book Shoppe.
 57004 | Elf:3    | Found Uffuduy's Armour Shoppe.
 57652 | D:11     | Killed initializr's ghost
 58100 | Swamp:3  | Killed Daoqex's ghost
 58345 | Vaults:1 | Entered Level 1 of the Vaults
 58351 | Vaults:1 | Identified the +0 barding "Astan" {+Blink} (Okawaru gifted
                  | it to you on level 1 of the Vaults)
 58351 | Vaults:1 | Received a gift from Okawaru
 58398 | Vaults:1 | Noticed Zenata
 58421 | Vaults:1 | Killed Zenata
 58962 | Vaults:1 | Found Xycliycs's Armour Shoppe.
 58975 | Vaults:1 | Found Isusk's Distillery.
 58978 | Vaults:1 | Bought a potion of experience for 500 gold pieces
 58978 | Vaults:1 | Bought a potion of enlightenment for 50 gold pieces
 58978 | Vaults:1 | Bought a potion of enlightenment for 50 gold pieces
 58978 | Vaults:1 | Bought a potion of cancellation for 80 gold pieces
 58978 | Vaults:1 | Bought a potion of invisibility for 80 gold pieces
 58978 | Vaults:1 | Bought a potion of might for 40 gold pieces
 58978 | Vaults:1 | Reached skill level 15 in Hexes
 58978 | Vaults:1 | Reached XP level 23. HP: 208/208 MP: 42/42
 58978 | Vaults:1 | Reached XP level 24. HP: 217/217 MP: 42/42
 58982 | Vaults:1 | Found Immaiw's Book Emporium.
 59005 | Vaults:1 | Found Xitit's Weapon Boutique.
 60437 | Vaults:2 | Acquired 525 gold pieces
 60457 | Vaults:2 | Found a gateway to a bazaar.
 60468 | Bazaar   | Entered a bazaar
 60498 | Bazaar   | Found Watud's General Store.
 60541 | Bazaar   | Found Ciymese's Armour Boutique.
 60577 | Bazaar   | Found Ekkaones's Magic Scroll Emporium.
 60617 | Bazaar   | Found Maliku's Assorted Antiques.
 60622 | Bazaar   | Bought a scroll of poison for 84 gold pieces
 60622 | Bazaar   | Bought a scroll of vulnerability for 84 gold pieces
 60622 | Bazaar   | Bought 2 potions of might for 168 gold pieces
 60688 | Bazaar   | Found Bofep's Jewellery Emporium.
 60733 | Bazaar   | Bought a scroll of fog for 64 gold pieces
 60733 | Bazaar   | Bought a scroll of enchant armour for 120 gold pieces
 60733 | Bazaar   | Bought a scroll of immolation for 64 gold pieces
 60733 | Bazaar   | Bought a scroll of poison for 64 gold pieces
 60943 | Vaults:2 | Found a staircase to the Crypt.
 61627 | Vaults:2 | Noticed Nikola
 61633 | Vaults:2 | Killed Nikola
 61729 | Vaults:2 | Reached XP level 25. HP: 224/225 MP: 43/43
 61836 | Vaults:2 | Noticed Mara
 61840 | Vaults:2 | Killed Mara
 61909 | Vaults:2 | Identified the +2 cloak of Spring Thaw {rC- rCorr Int+6
                  | Dex-2}
 62190 | Vaults:2 | Learned a level 8 spell: Discord
 62267 | Vaults:3 | Received a gift from Okawaru
 62452 | Vaults:3 | Noticed Frederick
 62476 | Vaults:3 | Killed Frederick
 62545 | Vaults:3 | Paralysed by a formless jellyfish for 1 turns
 63062 | Vaults:3 | Received a gift from Okawaru
 63827 | Vaults:4 | Paralysed by a sphinx for 3 turns
 64661 | Vaults:4 | Reached XP level 26. HP: 235/235 MP: 40/44
 64661 | Vaults:4 | Reached XP level 27. HP: 241/241 MP: 40/44
 65003 | Vaults:4 | Noticed Donald
 65011 | Vaults:4 | Killed Donald
 65475 | Vaults:4 | Reached skill level 15 in Fighting
 65933 | Vaults:5 | Entered Level 5 of the Vaults
 65939 | Vaults:5 | Noticed a dread lich
 65940 | Vaults:5 | Received a gift from Okawaru
 65946 | Vaults:5 | Killed a dread lich
 66220 | Vaults:5 | Killed a dread lich
 66621 | Vaults:5 | Received a gift from Okawaru
 66633 | Vaults:5 | Found the +7 great mace "Firestarter" {flame, immolate,
                  | rFlCloud rF++}
 66669 | Vaults:5 | Noticed an ancient lich
 66675 | Vaults:5 | Killed an ancient lich
 66911 | Vaults:5 | Identified the +3 spear of Brawling {antimagic, rC+ Dex+3}
 67054 | Vaults:5 | Reached skill level 1 in Long Blades
 67365 | Vaults:5 | Reached skill level 2 in Long Blades
 67546 | Vaults:5 | Identified the staff "Upaexidu" {rElec rC+ rN+ Str-4 Ice}
 68099 | Vaults:5 | Reached skill level 3 in Long Blades
 68824 | Vaults:5 | Reached skill level 4 in Long Blades
 69861 | Vaults:5 | Reached skill level 5 in Long Blades
 69985 | Vaults:5 | Got a silver rune of Zot
 71284 | Orc:2    | Bought 6 silver javelins for 810 gold pieces
 71284 | Orc:2    | Bought a wand of quicksilver (7) for 441 gold pieces
 71320 | Orc:2    | Bought a manual of Evocations for 1040 gold pieces
 71380 | Elf:3    | Bought a manual of Dodging for 960 gold pieces
 71630 | Depths:1 | Entered Level 1 of the Depths
 71794 | Depths:1 | Noticed the Enchantress
 71798 | Depths:1 | Killed the Enchantress
 71816 | Depths:1 | Reached skill level 15 in Spellcasting
 72241 | Depths:1 | Noticed Asterion
 72249 | Depths:1 | Killed Asterion
 72250 | Depths:1 | Reached skill level 6 in Long Blades
 72831 | Depths:1 | Found a runed translucent door.
 72872 | Depths:1 | Reached skill level 10 in Dodging
 72945 | Depths:1 | Received a gift from Okawaru
 73318 | Depths:1 | Found a gateway to Hell.
 73325 | Depths:1 | Reached skill level 7 in Long Blades
 74025 | Depths:2 | You are sucked into a shaft and drop 2 floors!
 74025 | Depths:4 | Entered Level 4 of the Depths
 74169 | Depths:3 | Received a gift from Okawaru
 74832 | Depths:2 | Found Essushix's Book Shop.
 74832 | Depths:2 | Found Amosmut's Jewellery Boutique.
 75299 | Depths:2 | Reached skill level 8 in Long Blades
 75642 | Depths:3 | Received a gift from Okawaru
 75937 | Depths:3 | Learned a level 4 spell: Dispel Undead
 76072 | Depths:3 | Reached skill level 1 in Necromancy
 76167 | Depths:3 | Found a one-way gateway to a ziggurat.
 76464 | Depths:3 | Found a one-way gate to the infinite horrors of the Abyss.
 76464 | Depths:3 | Noticed Louise
 76473 | Depths:3 | Killed Louise
 76473 | Depths:3 | Received a gift from Okawaru
 77079 | Depths:2 | Found a one-way gate leading to the halls of Pandemonium.
 77258 | Depths:2 | Reached skill level 10 in Evocations
 77692 | Depths:2 | Noticed a royal mummy
 77697 | Depths:2 | Killed a royal mummy
 77697 | Depths:2 | Received a gift from Okawaru
 77792 | Depths:2 | Reached skill level 9 in Long Blades
 78022 | Depths:2 | Found a one-way gate leading to the halls of Pandemonium.
 78261 | Depths:2 | Found Essushix's Book Shop.
 78261 | Depths:2 | Found Amosmut's Jewellery Boutique.
 80269 | Depths:4 | Reached skill level 10 in Long Blades
 80424 | Depths:4 | Reached skill level 5 in Necromancy
 80536 | Depths:4 | Got the Omnibus of Sepulchral Toxins
 80764 | Depths:4 | Found a gate to the Realm of Zot.
 81111 | Crypt:1  | Entered Level 1 of the Crypt
 81414 | Crypt:1  | Identified the +8 flail "Loar" {holy, Drain rElec rN+++
                  | Dex-5}
 81666 | Crypt:1  | Received a gift from Okawaru
 82238 | Crypt:1  | Received a gift from Okawaru
 82238 | Crypt:1  | Found the +2 cloak of the Thief {*Fog Slay-2 SInv Stlth+}
 82595 | Crypt:2  | Reached skill level 11 in Long Blades
 83764 | Crypt:2  | Identified the staff of Chance {rElec rC+ Int+5 Ice}
 84272 | Crypt:3  | Entered Level 3 of the Crypt
 85238 | Crypt:3  | Reached skill level 12 in Long Blades
 85911 | Crypt:3  | Identified the +4 ring mail of the Wilderness {rElec Dex+4}
 86214 | Crypt:3  | Reached skill level 10 in Invocations
 86449 | Crypt:3  | Found a basalt altar of Yredelemnul.
 87302 | Crypt:3  | Noticed Vv
 87613 | Crypt:3  | Killed Vv
 87848 | Crypt:3  | Noticed a royal mummy
 87872 | Crypt:3  | Killed a royal mummy
 88034 | Crypt:3  | Found a staircase to the Tomb.
 88299 | Crypt:3  | Identified the +5 spear "Gram" {heavy, rC+ rN+ Int-2 SInv}
 88398 | Crypt:3  | Got the Lessons on Skeletons
 88805 | Zot:1    | Entered Level 1 of the Realm of Zot
 88806 | Zot:1    | Received a gift from Okawaru
 89020 | Zot:1    | Reached skill level 13 in Long Blades
 89525 | Zot:1    | Received a gift from Okawaru
 89695 | Zot:1    | You are sucked into a shaft and drop 1 floor!
 91237 | Zot:2    | Reached skill level 14 in Long Blades
 91237 | Zot:2    | Received a gift from Okawaru
 91264 | Zot:2    | Received a gift from Okawaru
 92034 | Zot:2    | Received a gift from Okawaru
 92397 | Zot:2    | Found a transporter.
 92734 | Zot:2    | Found a transporter.
 93193 | Zot:3    | Noticed Toelubet's ghost (veteran CeHu)
 93194 | Zot:3    | Noticed an orb of fire
 93196 | Zot:3    | Found a runed translucent door.
 93198 | Zot:3    | Lost mutation: You have an increased reservoir of magic.
                  | (+10% MP) [an orb of fire]
 93203 | Zot:3    | Gained mutation: You are vulnerable to cold. (rC-) [an orb
                  | of fire]
 93213 | Zot:3    | Reached skill level 15 in Long Blades
 93216 | Zot:3    | Killed an orb of fire
 93278 | Zot:3    | Killed Toelubet's ghost
 94021 | Zot:3    | Reached skill level 16 in Long Blades
 94664 | Zot:4    | Found a glowing silver altar of Zin.
 95557 | Zot:4    | Reached skill level 17 in Long Blades
 95677 | Zot:4    | Identified the +0 cloak of Okawaru's Wrath {rElec Dex+2}
                  | (Okawaru gifted it to you on level 4 of the Realm of Zot)
 95677 | Zot:4    | Received a gift from Okawaru
 95978 | Zot:4    | Got Kosin's Secrets of the Zealot
 96359 | Zot:5    | Entered Level 5 of the Realm of Zot
 96760 | Zot:5    | Reached skill level 18 in Long Blades
 97535 | Zot:5    | Noticed a dread lich
 97536 | Zot:5    | Noticed an orb of fire
 97540 | Zot:5    | Gained mutation: Potions are less effective at restoring
                  | your health. [an orb of fire]
 97541 | Zot:5    | Lost mutation: Your mind is acute. (Int +4, Str/Dex -1) [an
                  | orb of fire]
 97548 | Zot:5    | Gained mutation: You sometimes lose your temper in combat.
                  | [an orb of fire]
 97552 | Zot:5    | Gained mutation: You occasionally lose the ability to read
                  | scrolls when taking damage. [an orb of fire]
 97555 | Zot:5    | Killed an orb of fire
 97606 | Zot:5    | Lost mutation: You are partially covered in iridescent
                  | scales. (AC +2) [potion of mutation]
 97606 | Zot:5    | Lost mutation: Potions are less effective at restoring your
                  | health. [potion of mutation]
 97606 | Zot:5    | Lost mutation: You sometimes lose your temper in combat.
                  | [potion of mutation]
 97606 | Zot:5    | Lost mutation: You occasionally lose the ability to drink
                  | potions when taking damage. [potion of mutation]
 97606 | Zot:5    | Gained mutation: You are vulnerable to heat. (rF-) [potion
                  | of mutation]
 97606 | Zot:5    | Gained mutation: You have hidden genetic potential. [potion
                  | of mutation]
 97607 | Zot:5    | Lost mutation: You occasionally lose the ability to read
                  | scrolls when taking damage. [potion of mutation]
 97607 | Zot:5    | Lost mutation: You passively dampen the noise of your
                  | surroundings. [potion of mutation]
 97607 | Zot:5    | Lost mutation: You are vulnerable to heat. (rF-) [potion of
                  | mutation]
 97607 | Zot:5    | Lost mutation: You have hidden genetic potential. [potion
                  | of mutation]
 97607 | Zot:5    | Lost mutation: You are vulnerable to cold. (rC-) [potion of
                  | mutation]
 97607 | Zot:5    | Gained mutation: You are covered in fur. (AC +1) [potion of
                  | mutation]
 97607 | Zot:5    | Gained mutation: You have a pair of small antennae on your
                  | head. [potion of mutation]
 97607 | Zot:5    | Gained mutation: You have a pair of antennae on your head.
                  | [potion of mutation]
 97616 | Zot:5    | Noticed a dread lich
 97995 | Zot:5    | Noticed an orb of fire
 97996 | Zot:5    | Gained mutation: You do not regenerate when monsters are
                  | visible. [an orb of fire]
 98023 | Zot:5    | Killed an orb of fire
 98024 | Zot:5    | Reached skill level 19 in Long Blades
 98090 | Zot:5    | Noticed an orb of fire
 98092 | Zot:5    | Gained mutation: You occasionally lose the ability to drink
                  | potions when taking damage. [an orb of fire]
 98380 | Zot:4    | Lost mutation: You have a pair of antennae on your head.
                  | [potion of mutation]
 98380 | Zot:4    | Lost mutation: You are covered in fur. (AC +1) [potion of
                  | mutation]
 98380 | Zot:4    | Lost mutation: You occasionally lose the ability to drink
                  | potions when taking damage. [potion of mutation]
 98380 | Zot:4    | Lost mutation: You have a pair of small antennae on your
                  | head. [potion of mutation]
 98380 | Zot:4    | Gained mutation: You have hidden genetic potential. [potion
                  | of mutation]
 98380 | Zot:4    | Gained mutation: You are partially covered in iridescent
                  | scales. (AC +2) [potion of mutation]
 98380 | Zot:4    | Gained mutation: You passively dampen the noise of your
                  | surroundings. [potion of mutation]
 98531 | Zot:5    | Gained mutation: You are weak. (Str -2) [an orb of fire]
 98540 | Zot:5    | Gained mutation: You are frail. (-10% HP) [an orb of fire]
 98545 | Zot:5    | Killed an orb of fire
 98690 | Zot:5    | Noticed a dread lich
 98714 | Zot:5    | Killed a dread lich
 98748 | Zot:5    | Noticed an ancient lich
 98753 | Zot:5    | Killed an ancient lich
 98899 | Zot:5    | Killed a dread lich
 99118 | Zot:5    | Noticed an ancient lich
 99150 | Zot:5    | Killed an ancient lich
 99407 | Zot:5    | Killed a dread lich
 99407 | Zot:5    | Received a gift from Okawaru
 99408 | Zot:5    | Reached skill level 20 in Long Blades
 99520 | Zot:5    | Noticed an orb of fire
 99522 | Zot:5    | Noticed a dread lich
 99522 | Zot:5    | Gained mutation: Your body sometimes deteriorates upon
                  | taking damage. [an orb of fire]
 99535 | Zot:5    | Killed an orb of fire
 99539 | Zot:5    | Killed a dread lich
 99539 | Zot:5    | Received a gift from Okawaru
100420 | Zot:5    | Received a gift from Okawaru
100545 | Zot:5    | Noticed an orb of fire
100547 | Zot:5    | Noticed an orb of fire
100568 | Zot:5    | Lost mutation: You are frail. (-10% HP) [potion of
                  | mutation]
100568 | Zot:5    | Lost mutation: You have hidden genetic potential. [potion
                  | of mutation]
100568 | Zot:5    | Lost mutation: You do not regenerate when monsters are
                  | visible. [potion of mutation]
100568 | Zot:5    | Lost mutation: Your body sometimes deteriorates upon taking
                  | damage. [potion of mutation]
100568 | Zot:5    | Gained mutation: You are mostly covered in iridescent
                  | scales. (AC +4) [potion of mutation]
100568 | Zot:5    | Gained mutation: Your spells are a little easier to cast,
                  | but a little less powerful. [potion of mutation]
100568 | Zot:5    | Gained mutation: You expend magic power (3 MP) to
                  | strengthen your wands. [potion of mutation]
100986 | Zot:5    | Noticed an orb of fire
101010 | Zot:5    | Killed an orb of fire
101057 | Zot:5    | Reached skill level 21 in Long Blades
101147 | Zot:5    | Got the Orb of Zot
101669 | D:2      | Noticed Moasist the pandemonium lord
101745 | D:$      | Escaped with the Orb!

Illustrated notes

Levels and vault maps discovered:
D:1:      arrival_zaba_pyramid, layout_basic
D:2:      layout_basic, uniq_sigmund, uniq_terence
D:3:      layout_loops_ring, grunt_temple_overflow_order_and_chaos_2,
          nzn_hepliaklqana_mist_gate, lemuel_crystal_altar,
          nemelex_dance_club_becter, serial_shops, shop
D:4:      layout_basic, serial_shops, nicolae_book_shop_shelving
D:5:      layout_basic, minmay_manual_monstrance
D:6:      layout_rooms, gammafunk_ghost_split
D:7:      layout_loops_ring, minmay_temple_entry_statues,
          ebering_ghost_rock_garden, uniq_pikel
D:8:      layout_rooms, nicolae_elyvilon_peaceful_grove, uniq_psyche,
          uniq_maurice
D:9:      layout_grid_maze, mainiacjoe_overflow_paths
D:10:     layout_cave_pools, tgw_fedhas, uniq_harold, uniq_maggie
D:11:     layout_loops_corners, dpeg_oklobed_lair, muffindrake_ghost_dual_entry,
          serial_park_tiny_1, kennysheep_just_a_vault, uniq_urug
D:12:     layout_roguey, ebering_ghost_gozag, gauntlet_entry_generic
D:13:     layout_roguey, serial_shops, nicolae_inconvenience_store,
          kennysheep_okawaru_gauntlet
D:14:     layout_loops_ring, david_vaults_4, grunt_decor_mini_mirrors,
          hangedman_abyss_or_decor_lesser_grid,
          minmay_the_grid_square_5x5_3x3_mashed
          [minmay_the_grid_square_5x5_minivault, minmay_the_grid_square_5x5_v,
          minmay_the_grid_square_5x5_inset, minmay_the_grid_square_5x5_percent,
          minmay_the_grid_square_5x5_megaprize_checkered,
          minmay_the_grid_square_5x5_dogpile,
          minmay_the_grid_square_5x5_checkered_statues,
          minmay_the_grid_square_5x5_inverted_slash,
          minmay_the_grid_square_5x5_two_small], uniq_josephine
D:15:     gammafunk_enter_depths_forms, layout_rooms
Temple:   compressed_dpeg_circular_temple
Lair:1:   gammafunk_boulding_lane, layout_cave_pods,
          maelrawn_ghost_gauntlet_escape
Lair:2:   layout_regular_city, minmay_swamp_entry_wisps, serial_bayou_pond_c,
          grunt_megastairs_3
Lair:3:   layout_regular_city, nicolae_spider_entry_tight_spaces
Lair:4:   layout_layer_cave, slime_entry_1
Lair:5:   hangedman_lair_tendril_chambers, layout_regular_city, wormcave
Swamp:1:  layout_basic_swamp, serial_swamp_ruin, evilmike_swamp_ruin_house_4,
          evilmike_swamp_ruin_house_3
Swamp:2:  layout_falls_marsh, evilmike_swamp_ruin_rubble_2, swamp_pool4,
          hangedman_swamp_dais
Swamp:3:  layout_basic_swamp, gammafunk_ghost_mausoleum,
          evilmike_swamp_ruin_house_6
Swamp:4:  swamp_pestilence, layout_basic_swamp, infiniplex_staircase_pool
Spider:1: layout_cave_pods, nicolae_spider_eight_legs
Spider:2: cheibrodos_forgotten_conduit, nicolae_spider_altar_of_dancing,
          uniq_aizul
Spider:3: layout_spider_delve
Spider:4: floodkiller_spider_rune_tomb
Orc:1:    layout_caves, gammafunk_ghost_arena
Orc:2:    grunt_orc_gardens, layout_caves, grunt_orc_garden, grunt_orc_garden,
          grunt_orc_garden, grunt_orc_garden, gammafunk_ghost_stat_death,
          serial_shops, nicolae_shop_hallway_plus
Elf:1:    layout_gridlike, ploomutoo_gammafunk_ghost_potion_laboratory,
          portal_ice_cave_entry_ugly_swarm, minmay_elf_annihilation,
          grunt_ministairs_7, serial_sigils_hangedman_gut, guppyfry_library_mini
Elf:2:    nicolae_elf_blades_crystal_corner, layout_gridlike,
          nicolae_shop_self_help, uniq_louise
Elf:3:    minmay_elf_hall_statues, layout_gridlike, serial_shops, shop,
          minmay_shop_star
Vaults:1: nicolae_vaults_puzzle_piece, v_misc_24, nicolae_vaults_house_3,
          nicolae_vaults_offset_grid_hallway_1, nicolae_vaults_puzzle_piece,
          nicolae_vaults_house_2, nicolae_vaults_shipping_containers_7,
          nicolae_vaults_cochlea, vaults_room_hallway, ontoclasm_vaults_hangar,
          nicolae_vaults_storage_closets_2,
          nicolae_vaults_doubleplus_tesselated, vaults_room_stairs_pillars,
          nicolae_vaults_tangram_1, vaults_mumra_hexcomb,
          nicolae_vaults_little_squares_5, ontoclasm_vaults_twist,
          layout_vaults_big_cross, serial_shops, shop, shop,
          nicolae_shop_tiny_real_fake_doors, shop, uniq_zenata
Vaults:2: nicolae_vaults_stairing_the_circle, nicolae_vaults_shrinking_rooms_2,
          minmay_crypt_entry_simple_statues, grunt_vaults_funnel,
          nicolae_vaults_shelves_hall, vaults_mumra_minichess_inversion,
          ontoclasm_vaults_bender, v_misc_10, nicolae_vaults_circle_grid_b,
          vaults_room_pools, vaults_mumra_chevron,
          nicolae_vaults_mini_display_case, nicolae_vaults_security_offices_1,
          layout_vaults_ring, serial_shops, bzr_entry_customers, uniq_margery,
          uniq_mara, uniq_nikola
Vaults:3: nicolae_vaults_storage_room_statues, ontoclasm_vaults_spin,
          nicolae_vaults_what_the_h, v_misc_16, hangedman_vaults_maws,
          vaults_room_pool, nicolae_vaults_surprise_closet,
          layout_vaults_big_room, uniq_frederick
Vaults:4: grunt_vaults_twisty, nicolae_vaults_alarming,
          nicolae_vaults_door_testing_chamber, vaults_room_door_hall,
          nicolae_vaults_tetromino_L_1, v_misc_26,
          hangedman_vaults_corner_blocks, nicolae_vaults_network_square,
          nicolae_vaults_surprise_closet_hard, nicolae_vaults_layer_cake_slice,
          nicolae_vaults_hexular_roomagon, ontoclasm_vaults_loading_screen,
          vaults_room_semicircle, ontoclasm_vaults_fault, layout_vaults_maze,
          uniq_donald
Vaults:5
Crypt:1:  layout_chaotic_city
Crypt:2:  layout_basic, st_shrine_of_skulls
Crypt:3:  evilmike_haunted_forest, uniq_vv
Depths:1: layout_big_octagon, hellmouth_2, minmay_hidden_floor, uniq_asterion,
          uniq_enchantress
Depths:2: lemuel_minitomb, layout_gridlike, pan_entry, pf_hell_entry_tar_river,
          small_statue_intersection, hangedman_decor_points,
          infiniplex_staircase_river, minmay_shoptagon, serial_bayou_shore_b
Depths:3: kennysheep_big_flooded_room, layout_gridville, enter_ziggurat_e,
          hellmouth_1, nicolae_abyss_entry_one_way_or_another,
          amcnicky_mini_rare_corridor_liquid, minmay_holes,
          infiniplex_staircase_pool_2, serial_bayou_shore_a
Depths:4: grunt_zot_entry_gee_three, layout_basic, serial_sigils_hangedman_leer,
          abyss_entry, hell_entry
Zot:1:    lemuel_firehouse, layout_onion_interference
Zot:2:    layout_misc_corridors, nicolae_diode_basic
Zot:3:    layout_onion, hellmonk_ghost_happy_afterlife
Zot:4:    nicolae_zot_draconian_monastery, layout_misc_corridors
Zot:5:    layout_gridlike, st_stairs_2, drop_trap, grunt_ministairs_9,
          lemuel_baited_zot_trap, nicolae_lava_and_water

Skill      XL: |  1  2  3  4  5  6  7  8  9 10 11 12 13 14 15 16 17 18 19 20 21 22 23 24 25 26 27 |
---------------+----------------------------------------------------------------------------------+-----
Short Blades   | 2 3 4 5 6 7 8 9 10 11 12 13 14 | 14.0
Fighting       | 2 3 4 5 7 8 9 10 11 12 13 14 15 | 15.0
Dodging        | 1 2 3 4 5 7 14 | 14.0
Armour         | 1 2 4 5 6 8 9 10 11 12 14 | 14.0
Throwing       | 2 3 4 6 8 |  8.3
Conjurations   | 1 2 4 5 7 |  7.0
Poison Magic   | 1 2 4 5 |  5.0
Spellcasting   | 1 2 3 4 5 6 7 10 11 12 13 15 | 15.0
Air Magic      | 1 2 4 5 6 7 |  7.0
Stealth        | 5 6 9 10 12 | 12.0
Evocations     | 2 3 5 6 7 14 | 14.2
Shields        | 2 4 5 6 7 |  7.0
Invocations    | 1 3 4 5 7 12 | 12.3
Translocations | 3 5 |  5.0
Hexes          | 3 6 8 11 12 15 16 17 18 | 18.0
Ice Magic      | 3 6 7 |  7.0
Transmutations | 1 7 9 11 13 | 13.0
Earth Magic    | 1 4 |  4.0
Long Blades    | 21 | 21.1
Necromancy     | 7 |  7.0

Action                     |  1- 3 |  4- 6 |  7- 9 | 10-12 | 13-15 | 16-18 | 19-21 | 22-24 | 25-27 || total
---------------------------+-------+-------+-------+-------+-------+-------+-------+-------+-------++-------
  Melee: Dagger            |    88 |    70 |   237 |   564 |  1059 |  1358 |   796 |   722 |  1957 ||  6851
         Punch             |     2 |     1 |     3 |       |       |       |       |       |       ||     6
         Tailslap          |    13 |     6 |    27 |    97 |   203 |   286 |   182 |   199 |   664 ||  1677
         Falchion          |       |       |    18 |     5 |       |       |       |       |       ||    23
         Long sword        |       |       |       |       |    49 |       |       |       |       ||    49
         Short sword       |       |       |       |       |    21 |       |       |       |       ||    21
         Quick blade       |       |       |       |       |       |       |       |       |   495 ||   495
  Throw: Dart              |    33 |    21 |    23 |     2 |       |       |       |       |     4 ||    83
         Boomerang         |       |       |    44 |   104 |   191 |   447 |    22 |       |   349 ||  1157
         Throwing net      |       |       |       |     1 |       |     8 |       |       |     6 ||    15
         Javelin           |       |       |       |       |       |       |   136 |    24 |   158 ||   318
   Cast: Mephitic Cloud    |       |       |     6 |    63 |   109 |    80 |    25 |    24 |    18 ||   325
         Blink             |       |       |       |       |     2 |     7 |    10 |     6 |    36 ||    61
         Iskenderun's Myst |       |       |       |       |     6 |       |    19 |     5 |    57 ||    87
         Passwall          |       |       |       |       |     1 |     3 |    16 |    13 |     8 ||    41
         Ensorcelled Hiber |       |       |       |       |    51 |   350 |    22 |    31 |   113 ||   567
         Yara's Violent Un |       |       |       |       |       |    10 |    21 |    57 |   150 ||   238
         Dazzling Flash    |       |       |       |       |       |     7 |       |     8 |    30 ||    45
         Confusing Touch   |       |       |       |       |       |    37 |    21 |     9 |    15 ||    82
         Enfeeble          |       |       |       |       |       |       |       |    66 |   279 ||   345
         Discord           |       |       |       |       |       |       |       |       |   225 ||   225
         Dispel Undead     |       |       |       |       |       |       |       |       |   125 ||   125
         Apportation       |       |       |       |       |       |       |       |       |    27 ||    27
         Silence           |       |       |       |       |       |       |       |       |     1 ||     1
 Invoke: Heroism           |       |       |       |     1 |     2 |     5 |     8 |     4 |    16 ||    36
         Finesse           |       |       |       |       |     1 |     2 |     2 |       |     6 ||    11
         Duel              |       |       |       |       |       |     3 |       |       |       ||     3
  Evoke: Wand              |       |       |       |    14 |    14 |    39 |    11 |     6 |    65 ||   149
         Piece from Xom's  |       |       |       |    17 |     9 |     1 |    15 |       |       ||    42
         Lightning rod     |       |       |       |       |    19 |    23 |     6 |     6 |    25 ||    79
         Condenser vane    |       |       |       |       |       |     5 |     2 |     2 |     8 ||    17
         Phial of floods   |       |       |       |       |       |     3 |     1 |     1 |     2 ||     7
    Use: Scroll            |     2 |     5 |     7 |    13 |    15 |    18 |     8 |     7 |    30 ||   105
         Potion            |       |       |     8 |     2 |     4 |    13 |    15 |     2 |    41 ||    85
   Stab: Sleeping          |    10 |     8 |     6 |    17 |    57 |   201 |    24 |    36 |   106 ||   465
         Distracted        |     1 |     1 |       |       |     1 |       |     1 |     1 |     3 ||     8
         Confused          |       |       |     2 |    52 |   102 |    93 |    44 |    43 |    42 ||   378
         Petrified         |       |       |       |     2 |       |       |       |       |       ||     2
         Held in net/web   |       |       |       |     1 |       |     3 |       |       |     9 ||    13
         Invisible         |       |       |       |       |     8 |    18 |       |    38 |   202 ||   266
         Paralysed         |       |       |       |       |     3 |     7 |     3 |     1 |    31 ||    45
 Armour: Robe              |    32 |    20 |    81 |       |       |       |       |       |       ||   133
         Troll leather arm |       |       |    16 |   153 |   299 |       |       |       |       ||   468
         Scale mail        |       |       |       |       |    20 |  1094 |   377 |   355 |  1273 ||  3119
  Dodge: Dodged            |    30 |    14 |    77 |   153 |   213 |   515 |   150 |   210 |   776 ||  2138
  Block: Buckler           |       |       |       |    59 |   329 |   315 |    91 |   117 |   613 ||  1524
         Reflection        |       |       |       |       |     5 |       |       |       |     6 ||    11

Table legend: (Time is in decaauts)
 A = Elapsed time spent in this place.
 B = Non-inter-level travel time spent in this place.
 C = Inter-level travel time spent in this place.
 D = Time resting spent in this place.
 E = Time spent auto-exploring this place.
 F = Levels seen in this place.
 G = Mean time per level.
                   A        B        C        D        E       F      G
               +--------+--------+--------+--------+--------+-----+--------+
         Total |  98991 |  91475 |   7516 |  10674 |  59123 |  62 | 1596.6 |
       Dungeon |  20349 |  17170 |   3179 |    810 |  12303 |  15 | 1356.6 |
        Temple |     30 |     16 |     14 |      0 |      0 |   1 |   30.0 |
          Lair |   7060 |   6520 |    540 |    453 |   4266 |   5 | 1412.0 |
         Swamp |   6325 |   5742 |    583 |    329 |   3855 |   4 | 1581.2 |
   Spider Nest |   9588 |   9349 |    239 |   1426 |   5712 |   4 | 2397.0 |
  Orcish Mines |   3375 |   2713 |    662 |    302 |   1574 |   2 | 1687.5 |
   Elven Halls |   8458 |   8060 |    398 |   1077 |   5173 |   3 | 2819.3 |
        Vaults |  12469 |  11731 |    738 |   1165 |   8236 |   5 | 2493.8 |
         Crypt |   7348 |   7096 |    252 |    236 |   5564 |   3 | 2449.3 |
        Depths |   9149 |   8649 |    500 |   1042 |   6016 |   4 | 2287.2 |
           Zot |  11714 |  11306 |    408 |   3363 |   5330 |   5 | 2342.8 |
         Abyss |   1276 |   1276 |      0 |    395 |      0 |   5 |  255.2 |
        Bazaar |    309 |    309 |      0 |      0 |    218 |   1 |  309.0 |
      Ice Cave |    999 |    999 |      0 |     70 |    612 |   1 |  999.0 |
      Gauntlet |    467 |    467 |      0 |      0 |    263 |   1 |  467.0 |
         Arena |     68 |     68 |      0 |      3 |      0 |   3 |   22.7 |
               +--------+--------+--------+--------+--------+-----+--------+

Top non-repeatable levels by time:
Vaults:5: 4950 daAuts
   Elf:3: 4510 daAuts
 Crypt:3: 4111 daAuts
   Zot:5: 3984 daAuts
Spider:4: 3556 daAuts
Depths:2: 3246 daAuts
    D:11: 2677 daAuts
   Orc:2: 2309 daAuts
   Elf:2: 2267 daAuts
    D:14: 2256 daAuts
  Lair:5: 2226 daAuts
   Zot:1: 2211 daAuts
Spider:1: 2140 daAuts
Depths:3: 2128 daAuts
Vaults:2: 2080 daAuts
